 Dungeon Crawl Stone Soup version 0.21.0-25-ge575cb9 (webtiles) character file.

5125 deadestbob the Cleaver (level 10, -7/91 HPs)
             Began as a Minotaur Berserker on Jan 26, 2018.
             Was a High Priest of Trog.
             Mangled by a two-headed ogre
             ... wielding a +0 giant spiked club
              (11 damage)
             ... on level 8 of the Dungeon on Jan 27, 2018.
             The game lasted 01:02:25 (7927 turns).

deadestbob the Cleaver (Minotaur Berserker)         Turns: 7927, Time: 01:02:26

Health: -7/91      AC: 15    Str: 24    XL:     10   Next: 32%
Magic:  9/9        EV: 11    Int:  4    God:    Trog [*****.]
Gold:   287        SH:  0    Dex: 14    Spells: 9/9 levels left

rFire    + . .     SeeInvis .   e - +0 battleaxe
rCold    . . .     Gourm    .   (shield currently unavailable)
rNeg     . . .     Faith    .   G - +0 plate armour
rPois    .         Spirit   .   (helmet restricted)
rElec    .         Reflect  .   (no cloak)
rCorr    .         Harm     .   (no gloves)
MR       .....                  p - +0 pair of boots
Stlth    ..........             (no amulet)
HPRegen  0.25/turn              q - ring of protection from fire
MPRegen  0.11/turn              C - +3 ring of dexterity

@: about to teleport, berserk cooldown, slowed, very slow
A: retaliatory headbutt, horns 2
a: Berserk, Trog's Hand, Brothers in Arms, Burn Spellbooks, Renounce Religion


You were on level 8 of the Dungeon.
You worshipped Trog.
Trog was extremely pleased with you.
You were near starving.

You visited 1 branch of the dungeon, and saw 8 of its levels.

You collected 326 gold pieces.
You spent 39 gold pieces at shops.

Inventory:

Hand Weapons
 e - a +0 battleaxe (weapon)
 j - a +0 mace
 t - a +2 hand axe of freezing
 y - a +0 war axe
 z - a +0 flail of venom
 A - a +1 flail of holy wrath
 D - a +0 dire flail of protection
 I - a +1 whip of electrocution
 J - a +2 trident of venom
Armour
 p - a +0 pair of boots (worn)
 u - a +0 chain mail
 G - a +0 plate armour (worn)
Jewellery
 m - an uncursed ring of stealth
 q - a ring of protection from fire (left hand)
 C - a +3 ring of dexterity (right hand)
Wands
 o - a wand of flame (13)
 H - a wand of paralysis (9)
Scrolls
 a - a scroll of random uselessness {unknown}
 b - 8 scrolls of identify
 c - a scroll of blinking {unknown}
 g - a scroll of teleportation
 k - 2 scrolls of fear
 l - 2 scrolls of remove curse
 v - 4 scrolls of fog
 w - a scroll of magic mapping {unknown}
 F - a scroll of immolation {unknown}
Potions
 d - 7 potions of curing
 f - 2 potions of resistance {unknown}
 i - 3 potions of heal wounds
 r - a potion of cancellation {unknown}
 s - 2 potions of lignification
 x - 3 potions of berserk rage
 B - a potion of brilliance {unknown}
 E - a potion of magic {unknown}
Comestibles
 h - 3 chunks of flesh
 n - 7 rations


   Skills:
 + Level 9.5 Fighting
 * Level 10.9 Axes
 + Level 9.1 Armour
 + Level 8.2 Dodging


You had 9 spell levels left.
You didn't know any spells.

Dungeon Overview and Level Annotations

Branches:
Dungeon (8/15)             Temple (0/1) D:7
   Lair: D:8-11

Altars:
Ashenzari
Dithmenos
Wu Jian
Zin
The Shining One

Shops:
D:4 *!!

Annotations:
D:7 exclusion: ice statue
D:8 Ashar's ghost, novice DsBe


Innate Abilities, Weirdness & Mutations

You reflexively headbutt those who attack you in melee.
You have a pair of horns on your head.


Message History

Ashar's ghost hits you but does no damage.
Ashar's ghost stares at you. Ashar's ghost hits you.
* * * LOW HITPOINT WARNING * * *
Ashar's ghost completely misses you. You furiously retaliate!
You headbutt Ashar's ghost, but do no damage.
Some of the chunks of flesh in your inventory have rotted away.
Ashar's ghost hits you.
* * * LOW HITPOINT WARNING * * *
The two-headed ogre hits you with a giant spiked club!
* * * LOW HITPOINT WARNING * * *
The two-headed ogre closely misses you.
As you read the scroll of teleportation, it crumbles to dust.
You feel strangely unstable. Ashar's ghost hits you.
* * * LOW HITPOINT WARNING * * *
The two-headed ogre hits you but does no damage.
The two-headed ogre barely misses you.
Ashar's ghost hits you but does no damage.
The two-headed ogre hits you with a giant spiked club!
You die...

####### ###############....$.
########...[.[...p...#......
#......[)##.[[.......#......
#.............y......#†.....
####....................'......
#..........##.......g...#....).
#....##.#...#..#.########......
#.........#.#.@#.# ######.
#........<#.#WO#.# .
..........##.#.g#.### .
..............#..#.#..
...######.#####..#.#.# .
#....##..#g#.######
#.##.##..#O#......#
#.##.#...#.#......#
#>................#


You could see a two-headed ogre, a killer bee (wandering), Ashar's ghost and a
gnoll.

Vanquished Creatures
  A two-headed ogre (D:6)
  Pikel (D:8)
  The ghost of AdmiralAndromeda the Cutter, an amateur KoBe of Trog (D:4)
  A hippogriff (D:8)
  Eustachio (D:6)
  A human (D:8)
  Edmund (D:6)
  3 orc warriors
  An ice beast (D:5)
  3 slaves (D:8)
  A black bear (D:7)
  4 ogres
  A phantom (D:4)
  2 centaurs
  4 bullfrogs
  8 scorpions
  2 killer bees (D:8)
  3 howler monkeys
  2 crimson imps (D:7)
  A jelly (D:6)
  7 orc priests
  A hound (D:7)
  2 bullfrog skeletons
  5 iguanas
  5 worker ants
  Natasha (thrice) (D:3 D:6)
  10 orc wizards
  A hound zombie (D:7)
  2 hound skeletons
  A worker ant zombie (D:8)
  9 gnolls
  A howler monkey skeleton (D:5)
  10 adders
  A shadow imp (D:8)
  2 worms (D:2)
  A dart slug (D:1)
  5 leopard geckos
  36 orcs
  A ball python (D:6)
  9 bats
  8 giant cockroaches
  9 goblins
  13 hobgoblins
  8 jackals
  13 kobolds
  5 quokkas
  12 frilled lizards
  2 leopard gecko skeletons
  11 rats
235 creatures vanquished.

Vanquished Creatures (others)
  A slave (D:8)
1 creature vanquished.

Grand Total: 236 creatures vanquished

Notes
Turn   | Place    | Note
-------+----------+-------------------------------------------
     0 | D:1      | deadestbob the Minotaur Berserker began the quest for the Orb.
     0 | D:1      | Reached XP level 1. HP: 19/19 MP: 0/0
   243 | D:1      | Reached XP level 2. HP: 26/27 MP: 1/1
   361 | D:1      | Reached skill level 4 in Axes
   611 | D:1      | Reached XP level 3. HP: 32/33 MP: 2/2
  1105 | D:2      | Reached ** piety under Trog
  1144 | D:2      | Found an ornate altar of the Wu Jian Council.
  1183 | D:2      | Reached XP level 4. HP: 31/40 MP: 3/3
  1298 | D:2      | You fall through a shaft for 2 floors!
  1320 | D:4      | Noticed AdmiralAndromeda's ghost (amateur KoBe)
  1515 | D:2      | Found a glowing golden altar of the Shining One.
  1551 | D:2      | Reached XP level 5. HP: 47/47 MP: 4/4
  1690 | D:2      | Found a glowing silver altar of Zin.
  1691 | D:2      | Noticed an angel
  1933 | D:3      | Reached *** piety under Trog
  1938 | D:3      | Noticed Natasha
  1946 | D:3      | Killed Natasha
  2012 | D:3      | Found a shadowy altar of Dithmenos.
  2069 | D:3      | Reached skill level 5 in Axes
  2297 | D:3      | Reached skill level 5 in Fighting
  2301 | D:3      | Noticed Natasha
  2331 | D:3      | Killed Natasha
  2331 | D:3      | Reached XP level 6. HP: 55/56 MP: 5/5
  2824 | D:4      | Reached skill level 5 in Armour
  3006 | D:4      | Reached XP level 7. HP: 54/62 MP: 6/6
  3144 | D:4      | Killed AdmiralAndromeda's ghost
  3144 | D:4      | Reached skill level 6 in Axes
  3236 | D:4      | Found Ocvoveff's Distillery.
  3261 | D:4      | Bought a potion of lignification for 39 gold pieces
  3332 | D:4      | Reached skill level 5 in Dodging
  3366 | D:4      | Found Imatucog's Distillery.
  3456 | D:4      | Found Niudisuc's Assorted Antiques.
  3525 | D:4      | Reached XP level 8. HP: 71/71 MP: 7/7
  3792 | D:5      | Entered Level 5 of the Dungeon
  3808 | D:5      | Reached **** piety under Trog
  3816 | D:5      | Found a shattered altar of Ashenzari.
  3831 | D:5      | Reached skill level 7 in Axes
  4973 | D:6      | Noticed Edmund
  4981 | D:6      | Killed Edmund
  4984 | D:6      | Noticed Natasha
  4985 | D:6      | Killed Natasha
  5052 | D:6      | Noticed Eustachio
  5060 | D:6      | Killed Eustachio
  5060 | D:6      | Reached skill level 8 in Axes
  5139 | D:6      | Reached XP level 9. HP: 74/81 MP: 8/8
  5329 | D:6      | Noticed a two-headed ogre
  5332 | D:6      | Killed a two-headed ogre
  5332 | D:6      | Reached skill level 9 in Axes
  5815 | D:7      | Found a staircase to the Ecumenical Temple.
  5876 | D:7      | Noticed an ice statue
  6427 | D:7      | Reached skill level 10 in Axes
  6631 | D:7      | Reached ***** piety under Trog
  7341 | D:7      | Reached XP level 10. HP: 89/91 MP: 9/9
  7666 | D:8      | Noticed Pikel
  7692 | D:8      | Killed Pikel
  7891 | D:8      | Noticed a two-headed ogre
  7896 | D:8      | Noticed Ashar's ghost (novice DsBe)
  7926 | D:8      | HP: 4/91 [Ashar's ghost (3)]
  7927 | D:8      | Mangled by a two-headed ogre

Skill      XL: |  1  2  3  4  5  6  7  8  9 10 |
---------------+-------------------------------+-----
Axes           | 4 5 6 8 10 | 10.9
Fighting       | 4 5 6 7 9 |  9.5
Armour         | 3 4 5 6 7 8 9 |  9.1
Dodging        | 3 4 5 6 7 8 |  8.2

Action                   |  1- 3 |  4- 6 |  7- 9 | 10-12 || total
-------------------------+-------+-------+-------+-------++-------
Melee: Hand axe          |    99 |   157 |    93 |       ||   349
       Headbutt          |    13 |    19 |    57 |    10 ||    99
       War axe           |       |       |    34 |       ||    34
       Battleaxe         |       |       |   139 |    63 ||   202
Invok: Berserk           |     1 |     5 |     8 |     1 ||    15
       Trog's Hand       |       |     2 |     2 |       ||     4
Evoke: Wand              |       |       |     3 |       ||     3
  Use: Scroll            |     2 |     1 |     4 |     1 ||     8
       Potion            |       |       |     1 |       ||     1
  Eat: Ration            |     1 |       |     3 |       ||     4
       Chunk             |       |     9 |    14 |       ||    23
Armor: Animal skin       |    12 |       |       |       ||    12
       Ring mail         |    10 |    47 |    38 |       ||    95
       Chain mail        |       |       |    58 |    18 ||    76
       Plate armour      |       |       |       |    39 ||    39
Dodge: Dodged            |    59 |    89 |   138 |    54 ||   340
